 Dungeon Crawl Stone Soup version 0.29.0-4-gdea44cf6ec (webtiles) character file.

Game seed: 10986467513810224021

38 qw the Vexing (level 3, 0/35 HPs)
             Began as an Ogre Enchanter on Sept 3, 2022.
             Slain by a hound (5 damage)
             ... on level 2 of the Dungeon.
             The game lasted 00:01:25 (2703 turns).

qw the Vexing (Ogre Enchanter)                      Turns: 2703, Time: 00:01:26

Health: 0/35       AC:  3    Str: 14    XL:     3   Next: 43%
Magic:  2/2        EV:  9    Int: 16    God:
Gold:   87         SH:  0    Dex:  9    Spells: 6/6 levels left

rFire   . . .      SeeInvis .   c - +1 long sword (antimagic)
rCold   . . .      Faith    .   (no shield)
rNeg    . . .      Spirit   .   b - +0 robe
rPois   .          Reflect  .   (helmet restricted)
rElec   .          Harm     .   (no cloak)
rCorr   .          Rampage  .   (gloves unavailable)
Will    .....                   (boots unavailable)
Stlth   ++........              (no amulet)
HPRegen 0.11/turn               (no ring)
MPRegen 0.08/turn               (no ring)

@: no status effects
A: large, unfitting armour, tough skin 1
a: no special abilities


You were on level 2 of the Dungeon.
You visited 1 branch of the dungeon, and saw 2 of its levels.

You collected 87 gold pieces.


Innate Abilities, Weirdness & Mutations

You are too large for most types of armour.
You have tough skin. (AC +1)


   Skills:
 - Level 2.0 Fighting
 - Level 0.8 Short Blades
 + Level 2.4 Axes
 - Level 1.7 Dodging
 - Level 2.1 Stealth
 - Level 2.4 Spellcasting
 - Level 2.6 Hexes


You had 6 spell levels left.
You didn't know any spells.
Your spell library contained the following spells:

 Spells                   Type           Power      Damage    Failure   Level
 Ensorcelled Hibernation  Hex/Ice        12%        N/A       17%         2
 Confusing Touch          Hex            10%        N/A       21%         3
 Tukima's Dance           Hex            10%        N/A       21%         3
 Dazzling Flash           Conj/Hex       12%        N/A       34%         3

Inventory:

Hand Weapons
 c - a +1 antimagic long sword (weapon)
 Y - a +3 whip
Armour
 b - a +0 robe (worn)
Scrolls
 e - a scroll of teleportation {unknown}
 h - 2 scrolls of identify
 k - a scroll of fear {unknown}
Potions
 a - a potion of resistance {unknown}
 d - a potion of magic {unknown}
 f - a potion of attraction {unknown}
 g - a potion of cancellation {unknown}
 i - a potion of curing
 j - a potion of might {unknown}

Dungeon Overview and Level Annotations

Branches:
Dungeon (2/15)

Altars:


Message History

You closely miss the hound.
The hound is moderately wounded.
The hound closely misses you. The hound bites you.
You hit the hound.
The hound is heavily wounded.
The hound bites you. The hound barely misses you.
You miss the hound.
The hound is heavily wounded.
The hound bites you but does no damage. The hound bites you.
You barely miss the hound.
The hound is heavily wounded.
The hound bites you. The hound closely misses you.
You closely miss the hound.
The hound is heavily wounded.
The hound closely misses you. The hound bites you.
You closely miss the hound.
The hound is heavily wounded.
The hound closely misses you. x2
You hit the hound.
The hound is almost dead.
The hound bites you. The hound closely misses you. The hound barely misses you.
You barely miss the hound.
The hound is almost dead.
The hound closely misses you. The hound barely misses you.
You miss the hound.
The hound is almost dead.
The hound barely misses you. The hound closely misses you.
You barely miss the hound.
The hound is almost dead.
The hound closely misses you. The hound bites you.
You barely miss the hound.
The hound is almost dead.
The hound bites you. x2
You miss the hound.
The hound is almost dead.
The hound bites you. The hound bites you but does no damage.
You closely miss the hound.
The hound is almost dead.
The hound bites you. x2
You die...

##.....####.#
####.###.## #.#
.....# #..# #.#
####.###..# #.#
##.....# #.#
##.#..# #.#
######.[..####.###
.........###.....#
######.### #.###@#
######.### #.
#.h......
.........# #
#.######.
######.#.# ..# #
#.#.# ### ####
######.#.# ....
.......#.# ####
######.#.# .%.#
#.#.#


You could see a hound.

Vanquished Creatures
  A dart slug (D:1)
  3 ball pythons
  2 endoplasms (D:1)
  2 giant cockroaches (D:1)
  4 goblins
  3 hobgoblins
  3 kobolds (D:1)
  2 quokkas
  3 bats (D:1)
  5 frilled lizards
  6 rats
34 creatures vanquished.

Vanquished Creatures (others)
  7 plants (D:1)
7 creatures vanquished.

Grand Total: 41 creatures vanquished

Notes
Turn   | Place    | Note
-------+----------+-------------------------------------------
     0 | D:1      | qw the Ogre Enchanter began the quest for the Orb.
     0 | D:1      | Reached XP level 1. HP: 16/16 MP: 3/3
     0 | D:1      | 0 ||| qw: Version: 0.1-a-102-g441f92d
     0 | D:1      | 0 ||| qw: Game counter: 5241
     0 | D:1      | 0 ||| qw: Always use a shield: true
     0 | D:1      | 0 ||| qw: God list: Okawaru
     0 | D:1      | 0 ||| qw: Allow faded altars: false
     0 | D:1      | 0 ||| qw: Do Orc after D:15 true
     0 | D:1      | 0 ||| qw: Do second Lair branch before Depths: true
     0 | D:1      | 0 ||| qw: Lair rune preference: random
     0 | D:1      | 0 ||| qw: Plans: Normal
     0 | D:1      | 0 ||| PLANNING D:1-11
    62 | D:1      | 62 ||| SWAPPING to +0 club.
    63 | D:1      | 63 ||| DROPPING +1 dagger.
   162 | D:1      | Reached skill level 1 in Axes
   222 | D:1      | Found a faded altar of an unknown god.
   243 | D:1      | Reached skill level 1 in Fighting
   468 | D:1      | Reached XP level 2. HP: 27/27 MP: 5/5
   659 | D:1      | 659 ||| Stepping ~*~*~tactically~*~*~ (hiding).
   788 | D:1      | 788 ||| Stepping ~*~*~tactically~*~*~ (stealth).
   790 | D:1      | 790 ||| Stepping ~*~*~tactically~*~*~ (hiding).
  1191 | D:1      | 1191 ||| Stepping ~*~*~tactically~*~*~ (stealth).
  1193 | D:1      | 1193 ||| Stepping ~*~*~tactically~*~*~ (stealth).
  1197 | D:1      | 1197 ||| Stepping ~*~*~tactically~*~*~ (outnumbered).
  1198 | D:1      | 1198 ||| Stepping ~*~*~tactically~*~*~ (outnumbered).
  1199 | D:1      | 1199 ||| Stepping ~*~*~tactically~*~*~ (outnumbered).
  1200 | D:1      | 1200 ||| Stepping ~*~*~tactically~*~*~ (outnumbered).
  1201 | D:1      | 1201 ||| Stepping ~*~*~tactically~*~*~ (outnumbered).
  1203 | D:1      | 1203 ||| Stepping ~*~*~tactically~*~*~ (outnumbered).
  1555 | D:1      | 1555 ||| Stepping ~*~*~tactically~*~*~ (stealth).
  1556 | D:1      | 1556 ||| Stepping ~*~*~tactically~*~*~ (stealth).
  1559 | D:1      | Reached XP level 3. HP: 35/35 MP: 6/6
  1618 | D:1      | 1618 ||| SWAPPING to +0 whip.
  1619 | D:1      | 1619 ||| DROPPING +0 club.
  2002 | D:1      | 2002 ||| READING scroll labelled QARHAES ENUVIRIOZ.
  2003 | D:1      | 2003 ||| READING scroll labelled INEYTASU CIFAEL.
  2004 | D:1      | 2004 ||| READING 2 scrolls labelled DIVVAH GYOKKATIA.
  2005 | D:1      | 2005 ||| READING 3 scrolls labelled NIACEBL TYRUU.
  2006 | D:1      | 2006 ||| READING 2 scrolls of enchant weapon.
  2006 | D:1      | 2006 ||| ENCHANTING +1 whip.
  2007 | D:1      | 2007 ||| READING scroll of enchant weapon.
  2007 | D:1      | 2007 ||| ENCHANTING +2 whip.
  2008 | D:1      | 2008 ||| DRINKING 2 cyan potions.
  2009 | D:1      | 2009 ||| DROPPING 2 potions of invisibility.
  2010 | D:1      | 2010 ||| Stepping randomly (stuck).
  2011 | D:1      | 2011 ||| Stepping ~*~*~tactically~*~*~ (cloud).
  2203 | D:2      | Identified the +5 plate armour "Xaumir" {Regen+}
  2226 | D:2      | 2226 ||| Stepping ~*~*~tactically~*~*~ (stealth).
  2228 | D:2      | 2228 ||| Stepping ~*~*~tactically~*~*~ (stealth).
  2232 | D:2      | 2232 ||| Stepping ~*~*~tactically~*~*~ (stealth).
  2234 | D:2      | 2234 ||| Stepping ~*~*~tactically~*~*~ (stealth).
  2259 | D:2      | 2259 ||| SWAPPING to +1 antimagic long sword.
  2286 | D:2      | 2286 ||| Stepping ~*~*~tactically~*~*~ (stealth).
  2295 | D:2      | 2295 ||| FLEEEEING.
  2300 | D:2      | 2300 ||| FLEEEEING.
  2301 | D:2      | 2301 ||| FLEEEEING.
  2302 | D:2      | 2302 ||| FLEEEEING.
  2303 | D:2      | 2303 ||| FLEEEEING.
  2304 | D:2      | 2304 ||| FLEEEEING.
  2330 | D:2      | 2330 ||| Stepping ~*~*~tactically~*~*~ (stealth).
  2598 | D:2      | Identified the +1 scale mail "Veimuwea" {+Inv Regen+
                  | Slay+2}
  2702 | D:2      | HP: 8/35 [hound (5)]
  2703 | D:2      | Slain by a hound

Levels and vault maps discovered:
D:1:      dpeg_arrival_shrine, layout_basic, hellmonk_ecumenical_altar_zigzags,
          chequers_big_river, roderic_roman_lattice
D:2:      layout_loops_ring

Skill      XL: |  1  2  3 |
---------------+----------+-----
Axes           | 1 2 |  2.4
Fighting       | 1 2 |  2.0
Short Blades   | |  0.8
Dodging        | |  1.7
Stealth        | |  2.1
Spellcasting   | |  2.4
Hexes          | |  2.6

Action                   || total
-------------------------++-------
Melee: Club              ||    86
       Dagger            ||     4
       Punch             ||     3
       Long sword        ||    33
       Whip              ||    25
  Use: Scroll            ||     6
       Potion            ||     1
 Stab: Sleeping          ||     1
Armor: Robe              ||    49
Dodge: Dodged            ||    76

Table legend:
 A = Non-vault XP
 B = Vault XP
 C = Vault XP percentage of total XP
 D = Non-vault monster count
 E = Vault monster count
 F = Vault count percentage of total count
                 A         B        C        D         E       F
            +---------+---------+-------+---------+---------+-------
      Total |      55 |       0 |   0.0 |      34 |       0 |   0.0
            +---------+---------+-------+---------+---------+-------
        D:1 |      41 |       0 |   0.0 |      24 |       0 |   0.0
        D:2 |      14 |       0 |   0.0 |      10 |       0 |   0.0
            +---------+---------+-------+---------+---------+-------
